Workbook

Sheet Notice
F3: FINANCIAL SPREADSHEET NOTICE
F5: CEF DIGITAL
C10: • This template is meant to support applicants in the presentation of the quantitative values of the Business Plan in a common and simplified format.
C12: • Divergences in comparison to the Business Plan are acceptable (e.g. due to the introduction of rounded values or limitations of this template),
C13: but material discrepancies should be explained in the Comment section of the "Input Sheet".
C14: If the Business Plan study includes different scenarios please fill the template using the data that were used for the determination of the CEF funding requested.
C16: • This excel template is structured in 2 data sheets, this Notice and free tab:
C17: • The "Input Sheet" is where applicants fill in the values underpinning the financial analysis;
C18: • The "Financial Analysis" sheet that presents the results of the analysis in a standardised format.
C20: • The results on the "Financial Analysis" sheet will only appear when all data in the "Input Sheet" are in the appropriate format.
C21: Indeed, this template performs some checks to make sure that there are no mistakes in the fields filled in by the applicant.
C22: The miskates that are checked by the template are systematically spelled out together with the explanation of how to fill in each cell.
C24: • Next to the fields containing the inappropriate data the template will show a warning message: | N24: =IF(AND(K24>2012,ISNUMBER(K24)),"","Warning") -> Warning
C25: Just below the heading of each section there is a summary of the various tests specifying if:
C26: all the data is in the appropriate format | H26: Ok
C27: the are mistakes that need to be corrected | H27: ="Please Correct" -> Please Correct
C29: • The template is protected and the applicant can insert values and text only in some predefined cells of the "Input Sheet" marked in light blue. The "Financial Analysis" sheet is fully blocked and editing is not possible. Yet, for transparency and comparabilty purposes, it is possible to see the underlying formulas by selecting the cells of all sheets.
C32: • Once filled-in, this template should be uploaded with your application on the Funding and Tenders Portal
C34: • If you encouter a difficulty in filling in this template you may send a question to:
C35: HADEA-CEF-DIGITAL-CALLS@ec.europa.eu
C38: HOW TO FILL IN THE "INPUT SHEET"
C40: • In the following sections a visual presentation of the boxes to be filled in (with examples for their content) is provided together with a text explanation of which values should be used.
C42: • To the extent possible, avoid providing hardcoded figures. Instead present intermediate calculations in the "Free Tab 1 or 2", and provide explanations in these tabs.
C44: • Monetary values should be expressed in Euro. If the original business plan uses national currencies please specify in the Comment section which exchange rate has been used to convert the values in Euro.
C46: • When filling in the Input Sheet, absolute values should be used except in the case of avoided investment costs (Section investment costs) and costs savings (Section OPEX) for which a negative sign is needed.
C48: • The Business Plan should be presented on an incremental basis.
C50: • The defaut option for filling in this template is to retain Nominal Values (which include inflation). Nevertheless, especially if needed to ensure consistency with other supporting documents, it is also possible to use Real (constant) Values, in which case the discount rate below should be in real terms.
C53: Proposal code: | E53: 23-EU-DIG-European Submarine Cable | I53: Cell G5 | J53: Please specify the Financial Discount Rate used for the "Financial Analysis". This will remain constant as from reference year plus one and for the whole reference period. The discount rate can be based on the Weighted Average Cost of Capital of the project. Because taxes should not be included in this spreadsheet the choice should privilege pre-tax discount rates.
C57: MAIN ASSUMPTIONS OF THE ANALYSIS
D60: Financial Discount Rate (%) | G60: 0.05 | I60: Cell G11 | J60: Please specify the Financial Discount Rate used for the "Financial Analysis". This will remain constant as from reference year plus one and for the whole reference period. The discount rate can be based on the Weighted Average Cost of Capital of the project. Because taxes should not be included in this spreadsheet the choice should privilege pre-tax discount rates.
J63: Please also ensure alignment of the discount rate with the use of constant or real values in the spreadsheet (See "How to fill in the Input Sheet" above).
J65: It is not possible to insert text or negative values in this cell.
D68: Reference period (n of years) | G68: 15 | I68: Cell G12 | J68: Please choose a time reference from the drop-down list. The number of years should not be shorter than 5 years or longer than 50 years. For projects with very long economic life it is recommended to calculate a residual value that can take into consideration the potential of the years exceeding year 50.
J71: The reference period to be used in this template should include both the development and the operational phases.
J72: Note that this value will define the number of columns in both the Financial Analysis sheet and the Input Sheet. In particular, columns beyond the reference period (after the year apprearing in Cell G14) can still be filled but will appear with a strikethrough effect showing that those values are not taken into consideration in the analysis.
J75: It is not possible to insert text or values different from numbers between 5 and 50.
D78: First year in the reference | G78: 2024 | I78: Cell G13 | J78: The reference year of the analysis should be the year of the call for proposals. In the case of development costs incurred in the year(s) before the reference year, these past costs should be capitalized using the discount rate above and reported in the reference year. In the case no development costs are incurred in the reference year, simply indicate 0 as a value in the associated columns.
J82: It is not possible to insert text or negative values in this cell.
C86: INVESTMENT COSTS
I88: =IF(OR(COUNTIF(Z88:AZ88,"<0")>0,COUNTIF(Z88:AZ88,"*")>0),"Warning","")
C89: Initial Investment
E91: Capital expenditure item/category | I91: Cell C22 | J91: Please insert a clear name to define this item or category of the Investment Costs. Examples of categories include "start up and development costs"; “desktop study”; "system design"; "route survey" (including marine ground surveys, environmental studies, permits); "cable manufacturing/supply (including sensors, branching units and repeaters)"; "land acquisition"; "cable installation/deployment (laying, burial)"; "civil engineering works at landing station"; "landing station equipment including power feeder"; "commissioning works"; "system integration and configuration"; “IRU”; etc....
E92: Equipment
J96: As far as possible provide the intermediate calculation of the investment costs in the Free Tabs (for example if unitary values for cost of a km of cable, branching unit and landing stations are used please report them).
J98: Total investment costs might be higher than total eligible costs submitted for co-funding.
J99: Where relevant, dismantling / decommissionning costs might be included in this section.
F101: Total | G101: 2023
F102: 10000000 | G102: 5000000 | I102: Cell J22 | J102: Please specify the value of Investment Costs cash flows for this item or category in the first year of the reference period. Provide in the following columns the values incurred in the following years (K24, L24, etc.).
J104: Where relevant, savings related to avoided investment costs (for existing infrastructure) should appear with negative values (instead of positive values). The same principle applies to the sale of existing assets.
J106: It is not possible to insert text in this cell.
J109: Repeat the process above, for as many items as needed, by filling in a new line
C112: Replacement costs
F114: Total | G114: 2023
D115: Replacement costs | F115: 10000000 | G115: 0 | I115: Cell J37 | J115: Please insert in this and the following columns (K37, L37) the cash values of the Replacement costs. They represent costs for devices, equipment or specific parts of the infrastruture that have to be replaced within the reference period to ensure that the infrastructure itself remains operational.
J118: It is not possible to insert text or negative values in this cell. Values inserted in columns after the end of the reference period (the year in cell G14) are disregarded.
C121: Residual value
I122: Cell D43 | J122: Please insert the amount of the residual value for the financial analysis at the end of the reference. The recommended approach is to compute the net present value of the cash flows in the remaining life years of operation beyond the reference period. For non-revenue generating projects the residual market value, as if assets were to be sold at the end of the reference period, can be used. An accounting depreciation formula is acceptable in the case of large infrastructure projects with very long design lifetimes. The residual value can be zero if the time horizon of the analysis matches the economic lifetime of the assets. In any case, specify in the comment box at the end of the Input Sheet the methodology used to compute the residual value. It is not possible to insert text or negative values in this cell.
E123: Year | F123: 2037
E124: Amount
C131: OPERATING COSTS
E133: Service name / input name
E134: Service 1 | I134: Cell C50 | J134: Please insert a clear name to define the new or upgraded service provided by the project for which operational costs are incurred. If more appropriate breakdown the operating costs by typologies (e.g. personnel cost, energy, services, etc.). Maintenance and repair should be covered under this section. Do not insert in this section the cost of financing (i.e. repayments), asset depreciation or fiscal costs (i.e. taxes)
F139: Unit cost
F140: 45000 | I140: Cell G50 | J140: Please specify the unitary cost that is incurred to operate and maintain the infrastructure for the provision of a single usage of the new or upgraded service. If more appropriate use the unitary cost of the operating inputs (annual salary, €/Kwh). In case of cost savings use a negative value. For fixed costs insert here 1 and the full amount in Cell J50 (and next columns). A project can have cost savings in both variable and fixed operating costs.
J144: It is not possible to insert text in this cell. This cell cannot be empty if J50 or one of the following columns has been fillied in.
F146: Unit of measure
I147: Cell I50 | J147: If applicable please specify the unit of measure used to quantify the single usage of the service (e.g. Gbps for data circuits) or the single input (e.g. staff FTE) otherwise put currency unit.
F148: FTE
J149: It is not possible to insert values (numbers) in this cell.
F152: 2023 | I152: Cell J50 | J152: Please specify the volume of usages of the service for the first year of the reference period. Provide in the following columns the number of usages foreseen in the next years (K50, L50, etc.).
F153: 10
J154: It is not possible to insert text in this and next cells.
J157: Repeat the process above, for as many items as needed, by filling in a new line
C161: REVENUES
E164: Revenue name
E165: Revenue 1 | I165: Cell C78 | J165: Please insert a clear name to define the service provided by the project that generates revenues.
F168: Unit of measure | I168: Cell G78 | J168: Please specify the unit of measure used to quantify the usage of the service / demand (e.g. Gbps, number of fibre pairs)
F169: GBps | J169: It is not possible to insert values (numbers) in this cell.
F172: 2023 | I172: Cell J78 | J172: Please specify the incremental volume of usages of the service for the first year of the reference period. Provide in the following columns the usage foreseen in the next years (K78, L78, etc.). Make sure that this is consistent with section 4.1 “demand analysis” of Application Form part B.
E173: Quantity
J175: It is not possible to insert text or negative values in this cell.
I178: Cell J79 | J178: Please specify the unitary price that is charged for the usage of the service (e.g. access fee, rent, IRUs). Provide in the following columns the unit price foreseen in the next years (K79, L79, etc.).
E179: Unit value | J179: If the unit price cannot be singled out please insert "1" in this cell and the full amount or revenues in Cell J78 and following columns (K78, L78, etc.)
J181: It is not possible to insert text in this cell. This cell cannot be empty if J78 or one of the following columns has been fillied in.
J184: Repeat the process above, for as many items as needed, by filling in a new line
C188: SOURCES OF FINANCING
F191: Requested Co-funding Rate | I191: Cell C117 | J191: Please insert the requested rate of co-funding for the project.
J192: It is not possible to insert text or negative values in this cell.
F194: Total | G194: 2023
D195: Eligible costs | E195: 10000000 | G195: 5000000 | I195: Cell J116 | J195: Please specify the value of Eligible Investment Costs cash flows in the first year of the reference period. Provide in the following columns the values of the following years (K116, L116, etc.). Make sure these values correspond to those presented in Application Form A section 3 and Detailed budget tables (Part B section 2).
J198: It is not possible to insert text or negative values in this cell and those in the next columns. The eligible investment cost cannot exceed the initial investment cost (Cell J115).
E202: Other public contribution 1 | I202: Cell G119 | J202: Please specify, if relevant, which other public programme/fund is supporting the project. Select from the drop down list. If you select "Other" please give more details in the "Comment" box in Cell C139.
E203: Other public contribution 2
E204: Other public contribution 3 | J204: Please do the same for the next two sources of public contribution (Cells G120 and G121)
E208: 0 | I208: Cell J119 | J208: Please specify the amount of other public contribution expected in the first year of the reference period. Provide in the following columns the values of the following years K119, L119, etc.).
E209: 0
E210: 0 | J210: If a public contribution has already been received plug its value in the first year of reference (Cell J119).
J211: It is not possible to insert text or negative values in this cell and those in the next columns.
J212: Please do the same for the next two sources of public contribution (Cells J120 and J121 and following)
D215: Equity | E215: =SUM(G215:BD215) -> 0 | I215: Cell J124 | J215: Please specify the amount of own resources or equity provided by investors expected in the first year of the reference period. Provide in the following columns the values of the following years (K124, L124, etc.).
...

Sheet Input Sheet
BG1: -0000-XX-W-M-2X | BH1: 5
BG2: Business Plan | BH2: 6
D3: CEF DIGITAL CALL | BG3: CBA | BH3: 7
BG4: CBCA | BH4: 8
D5: Proposal acronym: | BG5: Form A | BH5: 9
BG6: Form D | BH6: 10
BG7: Others | BH7: 11
B8: =+COUNTIF(B10:B113,"Ok") -> 5 | E8: 1 | H8: 3 | J8: 4 | K8: 5 | L8: 6 | M8: 7 | N8: 8 | O8: 9 | P8: 10 | Q8: 11 | R8: 12 | S8: 13 | T8: 14 | U8: 15 | V8: 16 | W8: 17 | X8: 18 | Y8: 19 | Z8: 20 | AA8: 21 | AB8: 22 | AC8: 23 | AD8: 24 | AE8: 25 | AF8: 26 | AG8: 27 | AH8: 28 | AI8: 29 | AJ8: 30 | AK8: 31 | AL8: 32 | AM8: 33 | BH8: 12
B9: MAIN ASSUMPTIONS OF THE ANALYSIS | BH9: 13
B10: =IF(COUNTIF(H11:H14,"Warning")>0,"Please Correct","Ok") -> Ok | BH10: 14
D11: Financial Discount Rate (%) | G11: 0.1 | H11: =IF(OR(G11<0,ISTEXT(G11)),"Warning","") | BH11: 15
D12: Reference period (n of years) | G12: 15 | BH12: 16
D13: First year in the reference | G13: 2024 | H13: =IF(OR(G13<0,ISTEXT(G13)),"Warning","") | BH13: 17
D14: Last year in the reference | G14: =+G13+G12-1 -> 2038 | BH14: 18
BH15: 19
BH16: 20
B17: INVESTMENT COSTS | BH17: 21
B18: =IF(COUNTIF(E22:G43,"Warning")>0,"Please Correct","Ok") -> Ok | BH18: 22
C19: Initial investment | BH19: 23
J20: 1 | K20: 2 | L20: 3 | M20: 4 | N20: 5 | O20: 6 | P20: 7 | Q20: 8 | R20: 9 | S20: 10 | T20: 11 | U20: 12 | V20: 13 | W20: 14 | X20: 15 | Y20: 16 | Z20: 17 | AA20: 18 | AB20: 19 | AC20: 20 | AD20: 21 | AE20: 22 | AF20: 23 | AG20: 24 | AH20: 25 | AI20: 26 | AJ20: 27 | AK20: 28 | AL20: 29 | AM20: 30 | AN20: 31 | AO20: 32 | AP20: 33 | AQ20: 34 | AR20: 35 | AS20: 36 | AT20: 37 | AU20: 38 | AV20: 39 | AW20: 40 | AX20: 41 | AY20: 42 | AZ20: 43 | BA20: 44 | BB20: 45 | BC20: 46 | BD20: 47 | BE20: 48 | BF20: 49 | BG20: 50 | BH20: 24
C21: Capital expenditure item/category | H21: Total | J21: =+G13 -> 2024 | K21: =+J21+1 -> 2025 | L21: =+K21+1 -> 2026 | M21: =+L21+1 -> 2027 | N21: =+M21+1 -> 2028 | O21: =+N21+1 -> 2029 | P21: =+O21+1 -> 2030 | Q21: =+P21+1 -> 2031 | R21: =+Q21+1 -> 2032 | ... BG21: =+BF21+1 -> 2073 | BH21: 25
G22: =IF(COUNTIF(J22:AW22,"*")>0,"Warning","") | H22: =+SUM(J22:BG22) -> 0 | BH22: 26
G23: =IF(COUNTIF(J23:AW23,"*")>0,"Warning","") | H23: =+SUM(J23:BG23) -> 0 | BH23: 27
G24: =IF(COUNTIF(J24:AW24,"*")>0,"Warning","") | H24: =+SUM(J24:BG24) -> 0 | BH24: 28
G25: =IF(COUNTIF(J25:AW25,"*")>0,"Warning","") | H25: =+SUM(J25:BG25) -> 0 | BH25: 29
G26: =IF(COUNTIF(J26:AW26,"*")>0,"Warning","") | H26: =+SUM(J26:BG26) -> 0 | BH26: 30
G27: =IF(COUNTIF(J27:AW27,"*")>0,"Warning","") | H27: =+SUM(J27:BG27) -> 0 | BH27: 31
G28: =IF(COUNTIF(J28:AW28,"*")>0,"Warning","") | H28: =+SUM(J28:BG28) -> 0 | BH28: 32
G29: =IF(COUNTIF(J29:AW29,"*")>0,"Warning","") | H29: =+SUM(J29:BG29) -> 0 | BH29: 33
G30: =IF(COUNTIF(J30:AW30,"*")>0,"Warning","") | H30: =+SUM(J30:BG30) -> 0 | BH30: 34
G31: =IF(COUNTIF(J31:AW31,"*")>0,"Warning","") | H31: =+SUM(J31:BG31) -> 0 | BH31: 35
H32: Total | BH32: 36
H33: =+SUM(J33:BG33) -> 0 | J33: =IF(J21>$G$14,"",SUM(J22:J31)) -> 0 | K33: =IF(K21>$G$14,"",SUM(K22:K31)) -> 0 | L33: =IF(L21>$G$14,"",SUM(L22:L31)) -> 0 | M33: =IF(M21>$G$14,"",SUM(M22:M31)) -> 0 | N33: =IF(N21>$G$14,"",SUM(N22:N31)) -> 0 | O33: =IF(O21>$G$14,"",SUM(O22:O31)) -> 0 | P33: =IF(P21>$G$14,"",SUM(P22:P31)) -> 0 | Q33: =IF(Q21>$G$14,"",SUM(Q22:Q31)) -> 0 | ... BG33: =IF(BG21>$G$14,"",SUM(BG22:BG31)) | BH33: 37
BH34: 38
C35: Replacement costs | BH35: 39
H36: Total | J36: =+G13 -> 2024 | K36: =+J36+1 -> 2025 | L36: =+K36+1 -> 2026 | M36: =+L36+1 -> 2027 | N36: =+M36+1 -> 2028 | O36: =+N36+1 -> 2029 | P36: =+O36+1 -> 2030 | Q36: =+P36+1 -> 2031 | R36: =+Q36+1 -> 2032 | ... BG36: =+BF36+1 -> 2073 | BH36: 40
C37: Replacement costs | G37: =IF(OR(COUNTIF(J37:AW37,"<0")>0,COUNTIF(J37:AW37,"*")>0),"Warning","") | H37: =+SUM(J37:BG37) -> 0 | BH37: 41
BH38: 42
BH39: 43
C40: Residual value | BH40: 44
BH41: 45
C42: Year | D42: =+G14 -> 2038 | BH42: 46
C43: Amount | E43: =IF(COUNTIF(D43,"*")>0,"Warning","") | BH43: 47
BH44: 48
BH45: 49
B46: OPERATING COSTS | BH46: 50
B47: =IF(COUNTIF(H50:H59,"Warning")>0,"Please Correct","Ok") -> Ok
C49: Service name / Input name | G49: Unit cost | I49: Unit of measure | J49: =+'Input Sheet'!$G$13 -> 2024 | K49: =J49+1 -> 2025 | L49: =K49+1 -> 2026 | M49: =L49+1 -> 2027 | N49: =M49+1 -> 2028 | O49: =N49+1 -> 2029 | P49: =O49+1 -> 2030 | Q49: =P49+1 -> 2031 | R49: =Q49+1 -> 2032 | ... BG49: =BF49+1 -> 2073
H50: =IF(OR(COUNTIF(J50:AW50,"<0")>0,COUNTIF(J50:AW50,"*")>0,ISNUMBER(I50),COUNTIF(G50,"*")>0,OR(COUNTIF(G50,"*")>0,AND(COUNT(J50:BG50)>0,ISBLANK(G50)))),"Warning","")
H51: =IF(OR(COUNTIF(J51:AW51,"<0")>0,COUNTIF(J51:AW51,"*")>0,ISNUMBER(I51),COUNTIF(G51,"*")>0,OR(COUNTIF(G51,"*")>0,AND(COUNT(J51:BG51)>0,ISBLANK(G51)))),"Warning","")
H52: =IF(OR(COUNTIF(J52:AW52,"<0")>0,COUNTIF(J52:AW52,"*")>0,ISNUMBER(I52),COUNTIF(G52,"*")>0,OR(COUNTIF(G52,"*")>0,AND(COUNT(J52:BG52)>0,ISBLANK(G52)))),"Warning","")
H53: =IF(OR(COUNTIF(J53:AW53,"<0")>0,COUNTIF(J53:AW53,"*")>0,ISNUMBER(I53),COUNTIF(G53,"*")>0,OR(COUNTIF(G53,"*")>0,AND(COUNT(J53:BG53)>0,ISBLANK(G53)))),"Warning","")
H54: =IF(OR(COUNTIF(J54:AW54,"<0")>0,COUNTIF(J54:AW54,"*")>0,ISNUMBER(I54),COUNTIF(G54,"*")>0,OR(COUNTIF(G54,"*")>0,AND(COUNT(J54:BG54)>0,ISBLANK(G54)))),"Warning","")
H55: =IF(OR(COUNTIF(J55:AW55,"<0")>0,COUNTIF(J55:AW55,"*")>0,ISNUMBER(I55),COUNTIF(G55,"*")>0,OR(COUNTIF(G55,"*")>0,AND(COUNT(J55:BG55)>0,ISBLANK(G55)))),"Warning","")
H56: =IF(OR(COUNTIF(J56:AW56,"<0")>0,COUNTIF(J56:AW56,"*")>0,ISNUMBER(I56),COUNTIF(G56,"*")>0,OR(COUNTIF(G56,"*")>0,AND(COUNT(J56:BG56)>0,ISBLANK(G56)))),"Warning","")
H57: =IF(OR(COUNTIF(J57:AW57,"<0")>0,COUNTIF(J57:AW57,"*")>0,ISNUMBER(I57),COUNTIF(G57,"*")>0,OR(COUNTIF(G57,"*")>0,AND(COUNT(J57:BG57)>0,ISBLANK(G57)))),"Warning","")
H58: =IF(OR(COUNTIF(J58:AW58,"<0")>0,COUNTIF(J58:AW58,"*")>0,ISNUMBER(I58),COUNTIF(G58,"*")>0,OR(COUNTIF(G58,"*")>0,AND(COUNT(J58:BG58)>0,ISBLANK(G58)))),"Warning","")
H59: =IF(OR(COUNTIF(J59:AW59,"<0")>0,COUNTIF(J59:AW59,"*")>0,ISNUMBER(I59),COUNTIF(G59,"*")>0,OR(COUNTIF(G59,"*")>0,AND(COUNT(J59:BG59)>0,ISBLANK(G59)))),"Warning","")
H60: Total
C61: =IF(ISBLANK(C50),"",C50) | H61: =+SUM(J61:BG61) -> 0 | J61: =IF(J50="","",$G50*J50) | K61: =IF(K50="","",$G50*K50) | L61: =IF(L50="","",$G50*L50) | M61: =IF(M50="","",$G50*M50) | N61: =IF(N50="","",$G50*N50) | O61: =IF(O50="","",$G50*O50) | P61: =IF(P50="","",$G50*P50) | Q61: =IF(Q50="","",$G50*Q50) | ... BG61: =IF(BG50="","",$G50*BG50)
C62: =IF(ISBLANK(C51),"",C51) | H62: =+SUM(J62:BG62) -> 0 | J62: =IF(J51="","",$G51*J51) | K62: =IF(K51="","",$G51*K51) | L62: =IF(L51="","",$G51*L51) | M62: =IF(M51="","",$G51*M51) | N62: =IF(N51="","",$G51*N51) | O62: =IF(O51="","",$G51*O51) | P62: =IF(P51="","",$G51*P51) | Q62: =IF(Q51="","",$G51*Q51) | ... BG62: =IF(BG51="","",$G51*BG51)
C63: =IF(ISBLANK(C52),"",C52) | H63: =+SUM(J63:BG63) -> 0 | J63: =IF(J52="","",$G52*J52) | K63: =IF(K52="","",$G52*K52) | L63: =IF(L52="","",$G52*L52) | M63: =IF(M52="","",$G52*M52) | N63: =IF(N52="","",$G52*N52) | O63: =IF(O52="","",$G52*O52) | P63: =IF(P52="","",$G52*P52) | Q63: =IF(Q52="","",$G52*Q52) | ... BG63: =IF(BG52="","",$G52*BG52)
C64: =IF(ISBLANK(C53),"",C53) | H64: =+SUM(J64:BG64) -> 0 | J64: =IF(J53="","",$G53*J53) | K64: =IF(K53="","",$G53*K53) | L64: =IF(L53="","",$G53*L53) | M64: =IF(M53="","",$G53*M53) | N64: =IF(N53="","",$G53*N53) | O64: =IF(O53="","",$G53*O53) | P64: =IF(P53="","",$G53*P53) | Q64: =IF(Q53="","",$G53*Q53) | ... BG64: =IF(BG53="","",$G53*BG53)
C65: =IF(ISBLANK(C54),"",C54) | H65: =+SUM(J65:BG65) -> 0 | J65: =IF(J54="","",$G54*J54) | K65: =IF(K54="","",$G54*K54) | L65: =IF(L54="","",$G54*L54) | M65: =IF(M54="","",$G54*M54) | N65: =IF(N54="","",$G54*N54) | O65: =IF(O54="","",$G54*O54) | P65: =IF(P54="","",$G54*P54) | Q65: =IF(Q54="","",$G54*Q54) | ... BG65: =IF(BG54="","",$G54*BG54)
C66: =IF(ISBLANK(C55),"",C55) | H66: =+SUM(J66:BG66) -> 0 | J66: =IF(J55="","",$G55*J55) | K66: =IF(K55="","",$G55*K55) | L66: =IF(L55="","",$G55*L55) | M66: =IF(M55="","",$G55*M55) | N66: =IF(N55="","",$G55*N55) | O66: =IF(O55="","",$G55*O55) | P66: =IF(P55="","",$G55*P55) | Q66: =IF(Q55="","",$G55*Q55) | ... BG66: =IF(BG55="","",$G55*BG55)
C67: =IF(ISBLANK(C56),"",C56) | H67: =+SUM(J67:BG67) -> 0 | J67: =IF(J56="","",$G56*J56) | K67: =IF(K56="","",$G56*K56) | L67: =IF(L56="","",$G56*L56) | M67: =IF(M56="","",$G56*M56) | N67: =IF(N56="","",$G56*N56) | O67: =IF(O56="","",$G56*O56) | P67: =IF(P56="","",$G56*P56) | Q67: =IF(Q56="","",$G56*Q56) | ... BG67: =IF(BG56="","",$G56*BG56)
C68: =IF(ISBLANK(C57),"",C57) | H68: =+SUM(J68:BG68) -> 0 | J68: =IF(J57="","",$G57*J57) | K68: =IF(K57="","",$G57*K57) | L68: =IF(L57="","",$G57*L57) | M68: =IF(M57="","",$G57*M57) | N68: =IF(N57="","",$G57*N57) | O68: =IF(O57="","",$G57*O57) | P68: =IF(P57="","",$G57*P57) | Q68: =IF(Q57="","",$G57*Q57) | ... BG68: =IF(BG57="","",$G57*BG57)
C69: =IF(ISBLANK(C58),"",C58) | H69: =+SUM(J69:BG69) -> 0 | J69: =IF(J58="","",$G58*J58) | K69: =IF(K58="","",$G58*K58) | L69: =IF(L58="","",$G58*L58) | M69: =IF(M58="","",$G58*M58) | N69: =IF(N58="","",$G58*N58) | O69: =IF(O58="","",$G58*O58) | P69: =IF(P58="","",$G58*P58) | Q69: =IF(Q58="","",$G58*Q58) | ... BG69: =IF(BG58="","",$G58*BG58)
C70: =IF(ISBLANK(C59),"",C59) | H70: =+SUM(J70:BG70) -> 0 | J70: =IF(J59="","",$G59*J59) | K70: =IF(K59="","",$G59*K59) | L70: =IF(L59="","",$G59*L59) | M70: =IF(M59="","",$G59*M59) | N70: =IF(N59="","",$G59*N59) | O70: =IF(O59="","",$G59*O59) | P70: =IF(P59="","",$G59*P59) | Q70: =IF(Q59="","",$G59*Q59) | ... BG70: =IF(BG59="","",$G59*BG59)
C71: Total operating costs | H71: =+SUM(J71:BG71) -> 0 | J71: =IF(J49>$G$14,"",SUM(J61:J70)) -> 0 | K71: =IF(K49>$G$14,"",SUM(K61:K70)) -> 0 | L71: =IF(L49>$G$14,"",SUM(L61:L70)) -> 0 | M71: =IF(M49>$G$14,"",SUM(M61:M70)) -> 0 | N71: =IF(N49>$G$14,"",SUM(N61:N70)) -> 0 | O71: =IF(O49>$G$14,"",SUM(O61:O70)) -> 0 | P71: =IF(P49>$G$14,"",SUM(P61:P70)) -> 0 | Q71: =IF(Q49>$G$14,"",SUM(Q61:Q70)) -> 0 | ... BG71: =IF(BG49>$G$14,"",SUM(BG61:BG70))
J73: =IF(OR(COUNTIF(G50,"*")>0,AND(COUNT(J50:BG50)>0,ISBLANK(G50))),"Warning","")
B74: REVENUES
B75: =IF(COUNTIF(I78:I97,"Warning")>0,"Please Correct","Ok") -> Ok
C77: Revenue name | G77: Unit of measure | J77: =+'Input Sheet'!$G$13 -> 2024 | K77: =J77+1 -> 2025 | L77: =K77+1 -> 2026 | M77: =L77+1 -> 2027 | N77: =M77+1 -> 2028 | O77: =N77+1 -> 2029 | P77: =O77+1 -> 2030 | Q77: =P77+1 -> 2031 | R77: =Q77+1 -> 2032 | ... BG77: =BF77+1 -> 2073
I78: =IF(OR(COUNTIF(J78:AW78,"<0")>0,COUNTIF(J78:AW78,"*")>0),"Warning","Quantity") -> Quantity
I79: =IF(OR(COUNT(J79:AW79)<COUNT(J78:AW78),COUNTIF(J79:AW79,"*")>0),"Warning","Unit price") -> Unit price
I80: =IF(OR(COUNTIF(J80:AW80,"<0")>0,COUNTIF(J80:AW80,"*")>0),"Warning","Quantity") -> Quantity
I81: =IF(OR(COUNT(J81:AW81)<COUNT(J80:AW80),COUNTIF(J81:AW81,"*")>0),"Warning","Unit price") -> Unit price
I82: =IF(OR(COUNTIF(J82:AW82,"<0")>0,COUNTIF(J82:AW82,"*")>0),"Warning","Quantity") -> Quantity
I83: =IF(OR(COUNT(J83:AW83)<COUNT(J82:AW82),COUNTIF(J83:AW83,"*")>0),"Warning","Unit price") -> Unit price
I84: =IF(OR(COUNTIF(J84:AW84,"<0")>0,COUNTIF(J84:AW84,"*")>0),"Warning","Quantity") -> Quantity
I85: =IF(OR(COUNT(J85:AW85)<COUNT(J84:AW84),COUNTIF(J85:AW85,"*")>0),"Warning","Unit price") -> Unit price
I86: =IF(OR(COUNTIF(J86:AW86,"<0")>0,COUNTIF(J86:AW86,"*")>0),"Warning","Quantity") -> Quantity
I87: =IF(OR(COUNT(J87:AW87)<COUNT(J86:AW86),COUNTIF(J87:AW87,"*")>0),"Warning","Unit price") -> Unit price
I88: =IF(OR(COUNTIF(J88:AW88,"<0")>0,COUNTIF(J88:AW88,"*")>0),"Warning","Quantity") -> Quantity
I89: =IF(OR(COUNT(J89:AW89)<COUNT(J88:AW88),COUNTIF(J89:AW89,"*")>0),"Warning","Unit price") -> Unit price
I90: =IF(OR(COUNTIF(J90:AW90,"<0")>0,COUNTIF(J90:AW90,"*")>0),"Warning","Quantity") -> Quantity
I91: =IF(OR(COUNT(J91:AW91)<COUNT(J90:AW90),COUNTIF(J91:AW91,"*")>0),"Warning","Unit price") -> Unit price
I92: =IF(OR(COUNTIF(J92:AW92,"<0")>0,COUNTIF(J92:AW92,"*")>0),"Warning","Quantity") -> Quantity
I93: =IF(OR(COUNT(J93:AW93)<COUNT(J92:AW92),COUNTIF(J93:AW93,"*")>0),"Warning","Unit price") -> Unit price
I94: =IF(OR(COUNTIF(J94:AW94,"<0")>0,COUNTIF(J94:AW94,"*")>0),"Warning","Quantity") -> Quantity
I95: =IF(OR(COUNT(J95:AW95)<COUNT(J94:AW94),COUNTIF(J95:AW95,"*")>0),"Warning","Unit price") -> Unit price
I96: =IF(OR(COUNTIF(J96:AW96,"<0")>0,COUNTIF(J96:AW96,"*")>0),"Warning","Quantity") -> Quantity
I97: =IF(OR(COUNT(J97:AW97)<COUNT(J96:AW96),COUNTIF(J97:AW97,"*")>0),"Warning","Unit price") -> Unit price
H98: Total
C99: =IF(ISBLANK(C88),"",C88) | H99: =+SUM(J99:BG99) -> 0 | J99: =IF(J78="","",J78*J79) | K99: =IF(K78="","",K78*K79) | L99: =IF(L78="","",L78*L79) | M99: =IF(M78="","",M78*M79) | N99: =IF(N78="","",N78*N79) | O99: =IF(O78="","",O78*O79) | P99: =IF(P78="","",P78*P79) | Q99: =IF(Q78="","",Q78*Q79) | ... BG99: =IF(BG78="","",BG78*BG79)
C100: =IF(ISBLANK(C90),"",C90) | H100: =+SUM(J100:BG100) -> 0 | J100: =IF(J80="","",J80*J81) | K100: =IF(K80="","",K80*K81) | L100: =IF(L80="","",L80*L81) | M100: =IF(M80="","",M80*M81) | N100: =IF(N80="","",N80*N81) | O100: =IF(O80="","",O80*O81) | P100: =IF(P80="","",P80*P81) | Q100: =IF(Q80="","",Q80*Q81) | ... BG100: =IF(BG80="","",BG80*BG81)
C101: =IF(ISBLANK(C92),"",C92) | H101: =+SUM(J101:BG101) -> 0 | J101: =IF(J82="","",J82*J83) | K101: =IF(K82="","",K82*K83) | L101: =IF(L82="","",L82*L83) | M101: =IF(M82="","",M82*M83) | N101: =IF(N82="","",N82*N83) | O101: =IF(O82="","",O82*O83) | P101: =IF(P82="","",P82*P83) | Q101: =IF(Q82="","",Q82*Q83) | ... BG101: =IF(BG82="","",BG82*BG83)
C102: =IF(ISBLANK(C94),"",C94) | H102: =+SUM(J102:BG102) -> 0 | J102: =IF(J84="","",J84*J85) | K102: =IF(K84="","",K84*K85) | L102: =IF(L84="","",L84*L85) | M102: =IF(M84="","",M84*M85) | N102: =IF(N84="","",N84*N85) | O102: =IF(O84="","",O84*O85) | P102: =IF(P84="","",P84*P85) | Q102: =IF(Q84="","",Q84*Q85) | ... BG102: =IF(BG84="","",BG84*BG85)
C103: =IF(ISBLANK(C96),"",C96) | H103: =+SUM(J103:BG103) -> 0 | J103: =IF(J86="","",J86*J87) | K103: =IF(K86="","",K86*K87) | L103: =IF(L86="","",L86*L87) | M103: =IF(M86="","",M86*M87) | N103: =IF(N86="","",N86*N87) | O103: =IF(O86="","",O86*O87) | P103: =IF(P86="","",P86*P87) | Q103: =IF(Q86="","",Q86*Q87) | ... BG103: =IF(BG86="","",BG86*BG87)
...

Sheet Financial Analysis
C3: CEF DIGITAL CALL Financial Analysis
E8: 1 | F8: 2 | G8: 3 | H8: 4 | I8: 5 | J8: 6 | K8: 7 | L8: 8 | M8: 9 | N8: 10 | O8: 11 | P8: 12 | Q8: 13 | R8: 14 | S8: 15 | T8: 16 | U8: 17 | V8: 18 | W8: 19 | X8: 20 | Y8: 21 | Z8: 22 | AA8: 23 | AB8: 24 | AC8: 25 | AD8: 26 | AE8: 27 | AF8: 28 | AG8: 29 | AH8: 30 | AI8: 31 | AJ8: 32 | AK8: 33 | AL8: 34 | AM8: 35 | AN8: 36 | AO8: 37 | AP8: 38 | AQ8: 39 | AR8: 40
B9: Return on investment without CEF | C9: =CONCATENATE("NPV @ ",'Input Sheet'!G11*100,"%") -> NPV @ 10% | E9: =+'Input Sheet'!$G$13 -> 2024 | F9: =E9+1 -> 2025 | G9: =F9+1 -> 2026 | H9: =G9+1 -> 2027 | I9: =H9+1 -> 2028 | J9: =I9+1 -> 2029 | K9: =J9+1 -> 2030 | L9: =K9+1 -> 2031 | M9: =L9+1 -> 2032 | ... BB9: =BA9+1 -> 2073
B11: Project investment cost | C11: =E11+NPV('Input Sheet'!$G$11,INDIRECT("F11:"&ADDRESS(11,4+'Input Sheet'!$G$12))) -> 0 | E11: =-'Input Sheet'!J33 -> 0 | F11: =-'Input Sheet'!K33 -> 0 | G11: =-'Input Sheet'!L33 -> 0 | H11: =-'Input Sheet'!M33 -> 0 | I11: =-'Input Sheet'!N33 -> 0 | J11: =-'Input Sheet'!O33 -> 0 | K11: =-'Input Sheet'!P33 -> 0 | L11: =-'Input Sheet'!Q33 -> 0 | ... BB11: =-'Input Sheet'!BG33 -> #VALUE!
B12: Replacement cost | C12: =E12+NPV('Input Sheet'!$G$11,INDIRECT("F12:"&ADDRESS(12,4+'Input Sheet'!$G$12))) -> 0 | E12: =-'Input Sheet'!J37 -> 0 | F12: =-'Input Sheet'!K37 -> 0 | G12: =-'Input Sheet'!L37 -> 0 | H12: =-'Input Sheet'!M37 -> 0 | I12: =-'Input Sheet'!N37 -> 0 | J12: =-'Input Sheet'!O37 -> 0 | K12: =-'Input Sheet'!P37 -> 0 | L12: =-'Input Sheet'!Q37 -> 0 | ... BB12: =-'Input Sheet'!BG37 -> 0
B13: Project O&M costs | C13: =E13+NPV('Input Sheet'!$G$11,INDIRECT("F13:"&ADDRESS(13,4+'Input Sheet'!$G$12))) -> 0 | E13: =-'Input Sheet'!J71 -> 0 | F13: =-'Input Sheet'!K71 -> 0 | G13: =-'Input Sheet'!L71 -> 0 | H13: =-'Input Sheet'!M71 -> 0 | I13: =-'Input Sheet'!N71 -> 0 | J13: =-'Input Sheet'!O71 -> 0 | K13: =-'Input Sheet'!P71 -> 0 | L13: =-'Input Sheet'!Q71 -> 0 | ... BB13: =-'Input Sheet'!BG71 -> #VALUE!
B14: Total revenues | C14: =E14+NPV('Input Sheet'!$G$11,INDIRECT("F14:"&ADDRESS(14,4+'Input Sheet'!$G$12))) -> 0 | E14: ='Input Sheet'!J109 -> 0 | F14: ='Input Sheet'!K109 -> 0 | G14: ='Input Sheet'!L109 -> 0 | H14: ='Input Sheet'!M109 -> 0 | I14: ='Input Sheet'!N109 -> 0 | J14: ='Input Sheet'!O109 -> 0 | K14: ='Input Sheet'!P109 -> 0 | L14: ='Input Sheet'!Q109 -> 0 | ... BB14: ='Input Sheet'!BG109
B15: Residual value of investment | C15: =E15+NPV('Input Sheet'!$G$11,INDIRECT("F15:"&ADDRESS(15,4+'Input Sheet'!$G$12))) -> 0 | E15: =IF(E9='Input Sheet'!$D$42,'Input Sheet'!$D$43,0) -> 0 | F15: =IF(F9='Input Sheet'!$D$42,'Input Sheet'!$D$43,0) -> 0 | G15: =IF(G9='Input Sheet'!$D$42,'Input Sheet'!$D$43,0) -> 0 | H15: =IF(H9='Input Sheet'!$D$42,'Input Sheet'!$D$43,0) -> 0 | I15: =IF(I9='Input Sheet'!$D$42,'Input Sheet'!$D$43,0) -> 0 | J15: =IF(J9='Input Sheet'!$D$42,'Input Sheet'!$D$43,0) -> 0 | K15: =IF(K9='Input Sheet'!$D$42,'Input Sheet'!$D$43,0) -> 0 | L15: =IF(L9='Input Sheet'!$D$42,'Input Sheet'!$D$43,0) -> 0 | ... BB15: =IF(BB9='Input Sheet'!$D$42,'Input Sheet'!$D$43,0) -> 0
B17: FNPV(C) | C17: =E17+NPV('Input Sheet'!$G$11,INDIRECT("F17:"&ADDRESS(17,4+'Input Sheet'!$G$12))) -> 0 | E17: =+SUM(E11:E15) -> 0 | F17: =+SUM(F11:F15) -> 0 | G17: =+SUM(G11:G15) -> 0 | H17: =+SUM(H11:H15) -> 0 | I17: =+SUM(I11:I15) -> 0 | J17: =+SUM(J11:J15) -> 0 | K17: =+SUM(K11:K15) -> 0 | L17: =+SUM(L11:L15) -> 0 | ... BB17: =+SUM(BB11:BB15) -> #VALUE!
B18: FRR(C) | C18: =IRR(INDIRECT("E17:"&ADDRESS(17,4+'Input Sheet'!$G$12))) -> #NUM!
B21: Return on investment with CEF | C21: =CONCATENATE("NPV @ ",'Input Sheet'!G11*100,"%") -> NPV @ 10% | E21: =+'Input Sheet'!$G$13 -> 2024 | F21: =E21+1 -> 2025 | G21: =F21+1 -> 2026 | H21: =G21+1 -> 2027 | I21: =H21+1 -> 2028 | J21: =I21+1 -> 2029 | K21: =J21+1 -> 2030 | L21: =K21+1 -> 2031 | M21: =L21+1 -> 2032 | ... BB21: =BA21+1 -> 2073
B23: Project investment cost | C23: =E23+NPV('Input Sheet'!$G$11,INDIRECT("F23:"&ADDRESS(23,4+'Input Sheet'!$G$12))) -> 0 | E23: =+E11 -> 0 | F23: =+F11 -> 0 | G23: =+G11 -> 0 | H23: =+H11 -> 0 | I23: =+I11 -> 0 | J23: =+J11 -> 0 | K23: =+K11 -> 0 | L23: =+L11 -> 0 | ... BB23: =+BB11 -> #VALUE!
B24: CEF contribution | C24: =E24+NPV('Input Sheet'!$G$11,INDIRECT("F24:"&ADDRESS(24,4+'Input Sheet'!$G$12))) -> 0 | E24: =+'Input Sheet'!J117 -> 0 | F24: =+'Input Sheet'!K117 -> 0 | G24: =+'Input Sheet'!L117 -> 0 | H24: =+'Input Sheet'!M117 -> 0 | I24: =+'Input Sheet'!N117 -> 0 | J24: =+'Input Sheet'!O117 -> 0 | K24: =+'Input Sheet'!P117 -> 0 | L24: =+'Input Sheet'!Q117 -> 0 | ... BB24: =+'Input Sheet'!BG117
B25: Replacement cost | C25: =E25+NPV('Input Sheet'!$G$11,INDIRECT("F25:"&ADDRESS(25,4+'Input Sheet'!$G$12))) -> 0 | E25: =+E12 -> 0 | F25: =+F12 -> 0 | G25: =+G12 -> 0 | H25: =+H12 -> 0 | I25: =+I12 -> 0 | J25: =+J12 -> 0 | K25: =+K12 -> 0 | L25: =+L12 -> 0 | ... BB25: =+BB12 -> 0
B26: Project O&M costs | C26: =E26+NPV('Input Sheet'!$G$11,INDIRECT("F26:"&ADDRESS(26,4+'Input Sheet'!$G$12))) -> 0 | E26: =+E13 -> 0 | F26: =+F13 -> 0 | G26: =+G13 -> 0 | H26: =+H13 -> 0 | I26: =+I13 -> 0 | J26: =+J13 -> 0 | K26: =+K13 -> 0 | L26: =+L13 -> 0 | ... BB26: =+BB13 -> #VALUE!
B27: Total revenues | C27: =E27+NPV('Input Sheet'!$G$11,INDIRECT("F27:"&ADDRESS(27,4+'Input Sheet'!$G$12))) -> 0 | E27: =+E14 -> 0 | F27: =+F14 -> 0 | G27: =+G14 -> 0 | H27: =+H14 -> 0 | I27: =+I14 -> 0 | J27: =+J14 -> 0 | K27: =+K14 -> 0 | L27: =+L14 -> 0 | ... BB27: =+BB14
B28: Residual value of investment | C28: =E28+NPV('Input Sheet'!$G$11,INDIRECT("F28:"&ADDRESS(28,4+'Input Sheet'!$G$12))) -> 0 | E28: =+E15 -> 0 | F28: =+F15 -> 0 | G28: =+G15 -> 0 | H28: =+H15 -> 0 | I28: =+I15 -> 0 | J28: =+J15 -> 0 | K28: =+K15 -> 0 | L28: =+L15 -> 0 | ... BB28: =+BB15 -> 0
B30: FNPV(C after CEF) | C30: =E30+NPV('Input Sheet'!$G$11,INDIRECT("F30:"&ADDRESS(30,4+'Input Sheet'!$G$12))) -> 0 | E30: =+SUM(E23:E28) -> 0 | F30: =+SUM(F23:F28) -> 0 | G30: =+SUM(G23:G28) -> 0 | H30: =+SUM(H23:H28) -> 0 | I30: =+SUM(I23:I28) -> 0 | J30: =+SUM(J23:J28) -> 0 | K30: =+SUM(K23:K28) -> 0 | L30: =+SUM(L23:L28) -> 0 | ... BB30: =+SUM(BB23:BB28) -> #VALUE!
B31: FRR(C after CEF) | C31: =IRR(INDIRECT("E30:"&ADDRESS(30,4+'Input Sheet'!$G$12))) -> #NUM!
B34: Financial Sustainability | E34: =+'Input Sheet'!$G$13 -> 2024 | F34: =E34+1 -> 2025 | G34: =F34+1 -> 2026 | H34: =G34+1 -> 2027 | I34: =H34+1 -> 2028 | J34: =I34+1 -> 2029 | K34: =J34+1 -> 2030 | L34: =K34+1 -> 2031 | M34: =L34+1 -> 2032 | ... BB34: =BA34+1 -> 2073
B36: Project investment cost | E36: =-'Input Sheet'!J33 -> 0 | F36: =-'Input Sheet'!K33 -> 0 | G36: =-'Input Sheet'!L33 -> 0 | H36: =-'Input Sheet'!M33 -> 0 | I36: =-'Input Sheet'!N33 -> 0 | J36: =-'Input Sheet'!O33 -> 0 | K36: =-'Input Sheet'!P33 -> 0 | L36: =-'Input Sheet'!Q33 -> 0 | ... BB36: =-'Input Sheet'!BG33 -> #VALUE!
B37: Sources of financing | E37: =+'Input Sheet'!J127 -> 0 | F37: =+'Input Sheet'!K127 -> 0 | G37: =+'Input Sheet'!L127 -> 0 | H37: =+'Input Sheet'!M127 -> 0 | I37: =+'Input Sheet'!N127 -> 0 | J37: =+'Input Sheet'!O127 -> 0 | K37: =+'Input Sheet'!P127 -> 0 | L37: =+'Input Sheet'!Q127 -> 0 | ... BB37: =+'Input Sheet'!BG127
B38: Loan repayment (including interests) | E38: =-'Input Sheet'!J130 -> 0 | F38: =-'Input Sheet'!K130 -> 0 | G38: =-'Input Sheet'!L130 -> 0 | H38: =-'Input Sheet'!M130 -> 0 | I38: =-'Input Sheet'!N130 -> 0 | J38: =-'Input Sheet'!O130 -> 0 | K38: =-'Input Sheet'!P130 -> 0 | L38: =-'Input Sheet'!Q130 -> 0 | ... BB38: =-'Input Sheet'!BG130 -> 0
B39: Replacement cost | E39: =-'Input Sheet'!J37 -> 0 | F39: =-'Input Sheet'!K37 -> 0 | G39: =-'Input Sheet'!L37 -> 0 | H39: =-'Input Sheet'!M37 -> 0 | I39: =-'Input Sheet'!N37 -> 0 | J39: =-'Input Sheet'!O37 -> 0 | K39: =-'Input Sheet'!P37 -> 0 | L39: =-'Input Sheet'!Q37 -> 0 | ... BB39: =-'Input Sheet'!BG37 -> 0
B40: Project O&M costs (net of savings transferred) | E40: =-'Input Sheet'!J71 -> 0 | F40: =-'Input Sheet'!K71 -> 0 | G40: =-'Input Sheet'!L71 -> 0 | H40: =-'Input Sheet'!M71 -> 0 | I40: =-'Input Sheet'!N71 -> 0 | J40: =-'Input Sheet'!O71 -> 0 | K40: =-'Input Sheet'!P71 -> 0 | L40: =-'Input Sheet'!Q71 -> 0 | ... BB40: =-'Input Sheet'!BG71 -> #VALUE!
B41: Taxes | E41: =-'Input Sheet'!J131 -> 0 | F41: =-'Input Sheet'!K131 -> 0 | G41: =-'Input Sheet'!L131 -> 0 | H41: =-'Input Sheet'!M131 -> 0 | I41: =-'Input Sheet'!N131 -> 0 | J41: =-'Input Sheet'!O131 -> 0 | K41: =-'Input Sheet'!P131 -> 0 | L41: =-'Input Sheet'!Q131 -> 0 | ... BB41: =-'Input Sheet'!BG131 -> 0
B42: Total revenues | E42: =+'Input Sheet'!J109 -> 0 | F42: =+'Input Sheet'!K109 -> 0 | G42: =+'Input Sheet'!L109 -> 0 | H42: =+'Input Sheet'!M109 -> 0 | I42: =+'Input Sheet'!N109 -> 0 | J42: =+'Input Sheet'!O109 -> 0 | K42: =+'Input Sheet'!P109 -> 0 | L42: =+'Input Sheet'!Q109 -> 0 | ... BB42: =+'Input Sheet'!BG109
B43: Other resources | E43: =+'Input Sheet'!J133 -> 0 | F43: =+'Input Sheet'!K133 -> 0 | G43: =+'Input Sheet'!L133 -> 0 | H43: =+'Input Sheet'!M133 -> 0 | I43: =+'Input Sheet'!N133 -> 0 | J43: =+'Input Sheet'!O133 -> 0 | K43: =+'Input Sheet'!P133 -> 0 | L43: =+'Input Sheet'!Q133 -> 0 | ... BB43: =+'Input Sheet'!BG133 -> 0
C45: Net cash flows | E45: =+SUM(E36:E43) -> 0 | F45: =+SUM(F36:F43) -> 0 | G45: =+SUM(G36:G43) -> 0 | H45: =+SUM(H36:H43) -> 0 | I45: =+SUM(I36:I43) -> 0 | J45: =+SUM(J36:J43) -> 0 | K45: =+SUM(K36:K43) -> 0 | L45: =+SUM(L36:L43) -> 0 | ... BB45: =+SUM(BB36:BB43) -> #VALUE!
C46: Cumulated net cash flows | E46: =+E45 -> 0 | F46: =+F45+E46 -> 0 | G46: =+G45+F46 -> 0 | H46: =+H45+G46 -> 0 | I46: =+I45+H46 -> 0 | J46: =+J45+I46 -> 0 | K46: =+K45+J46 -> 0 | L46: =+L45+K46 -> 0 | M46: =+M45+L46 -> 0 | ... BB46: =+BB45+BA46 -> #VALUE!

Sheet Free Tab 1
E3: CEF DIGITAL CALL Free Sheet 1
E8: 1 | F8: 2 | G8: 3 | I8: 4 | J8: 5 | K8: 6 | L8: 7 | M8: 8 | N8: 9 | O8: 10 | P8: 11 | Q8: 12 | R8: 13 | S8: 14 | T8: 15 | U8: 16 | V8: 17 | W8: 18 | X8: 19 | Y8: 20 | Z8: 21 | AA8: 22 | AB8: 23 | AC8: 24 | AD8: 25 | AE8: 26 | AF8: 27 | AG8: 28 | AH8: 29 | AI8: 30 | AJ8: 31 | AK8: 32 | AL8: 33 | AM8: 34 | AN8: 35 | AO8: 36 | AP8: 37 | AQ8: 38 | AR8: 39 | AS8: 40

Sheet Free Tab 2
E3: CEF DIGITAL CALL Free Sheet 2
E8: 1 | F8: 2 | G8: 3 | I8: 4 | J8: 5 | K8: 6 | L8: 7 | M8: 8 | N8: 9 | O8: 10 | P8: 11 | Q8: 12 | R8: 13 | S8: 14 | T8: 15 | U8: 16 | V8: 17 | W8: 18 | X8: 19 | Y8: 20 | Z8: 21 | AA8: 22 | AB8: 23 | AC8: 24 | AD8: 25 | AE8: 26 | AF8: 27 | AG8: 28 | AH8: 29 | AI8: 30 | AJ8: 31 | AK8: 32 | AL8: 33 | AM8: 34 | AN8: 35 | AO8: 36 | AP8: 37 | AQ8: 38 | AR8: 39 | AS8: 40

Sheet HIDDEN Financial Analysis
C2: THIS SHEET IS HIDDEN TO APPLICANTS
C3: CEF DIGITAL CALL Additional Financial Analysis
E8: 1 | F8: 2 | G8: 3 | H8: 4 | I8: 5 | J8: 6 | K8: 7 | L8: 8 | M8: 9 | N8: 10 | O8: 11 | P8: 12 | Q8: 13 | R8: 14 | S8: 15 | T8: 16 | U8: 17 | V8: 18 | W8: 19 | X8: 20 | Y8: 21 | Z8: 22 | AA8: 23 | AB8: 24 | AC8: 25 | AD8: 26 | AE8: 27 | AF8: 28 | AG8: 29 | AH8: 30 | AI8: 31 | AJ8: 32 | AK8: 33 | AL8: 34 | AM8: 35 | AN8: 36 | AO8: 37 | AP8: 38 | AQ8: 39 | AR8: 40
B9: Return on investment with all grants | C9: =CONCATENATE("NPV @ ",'Input Sheet'!G11*100,"%") -> NPV @ 10% | E9: =+'Input Sheet'!$G$13 -> 2024 | F9: =E9+1 -> 2025 | G9: =F9+1 -> 2026 | H9: =G9+1 -> 2027 | I9: =H9+1 -> 2028 | J9: =I9+1 -> 2029 | K9: =J9+1 -> 2030 | L9: =K9+1 -> 2031 | M9: =L9+1 -> 2032 | ... BB9: =BA9+1 -> 2073
B11: Project investment cost | C11: =E11+NPV('Input Sheet'!$G$11,INDIRECT("F36:"&ADDRESS(36,4+'Input Sheet'!$G$12))) -> 0 | E11: =-'Input Sheet'!J33 -> 0 | F11: =-'Input Sheet'!K33 -> 0 | G11: =-'Input Sheet'!L33 -> 0 | H11: =-'Input Sheet'!M33 -> 0 | I11: =-'Input Sheet'!N33 -> 0 | J11: =-'Input Sheet'!O33 -> 0 | K11: =-'Input Sheet'!P33 -> 0 | L11: =-'Input Sheet'!Q33 -> 0 | ... BB11: =-'Input Sheet'!BG33 -> #VALUE!
B12: CEF contribution | C12: =E12+NPV('Input Sheet'!$G$11,INDIRECT("F37:"&ADDRESS(37,4+'Input Sheet'!$G$12))) -> 0 | E12: =+'Input Sheet'!J117 -> 0 | F12: =+'Input Sheet'!K117 -> 0 | G12: =+'Input Sheet'!L117 -> 0 | H12: =+'Input Sheet'!M117 -> 0 | I12: =+'Input Sheet'!N117 -> 0 | J12: =+'Input Sheet'!O117 -> 0 | K12: =+'Input Sheet'!P117 -> 0 | L12: =+'Input Sheet'!Q117 -> 0 | ... BB12: =+'Input Sheet'!BG117
B13: Other public contribution | C13: =E13+NPV('Input Sheet'!$G$11,INDIRECT("F38:"&ADDRESS(38,4+'Input Sheet'!$G$12))) -> 0 | E13: =+'Input Sheet'!J122 -> 0 | F13: =+'Input Sheet'!K122 -> 0 | G13: =+'Input Sheet'!L122 -> 0 | H13: =+'Input Sheet'!M122 -> 0 | I13: =+'Input Sheet'!N122 -> 0 | J13: =+'Input Sheet'!O122 -> 0 | K13: =+'Input Sheet'!P122 -> 0 | L13: =+'Input Sheet'!Q122 -> 0 | ... BB13: =+'Input Sheet'!BG122
B14: Replacement cost | C14: =E14+NPV('Input Sheet'!$G$11,INDIRECT("F39:"&ADDRESS(39,4+'Input Sheet'!$G$12))) -> 0 | E14: =-'Input Sheet'!J37 -> 0 | F14: =-'Input Sheet'!K37 -> 0 | G14: =-'Input Sheet'!L37 -> 0 | H14: =-'Input Sheet'!M37 -> 0 | I14: =-'Input Sheet'!N37 -> 0 | J14: =-'Input Sheet'!O37 -> 0 | K14: =-'Input Sheet'!P37 -> 0 | L14: =-'Input Sheet'!Q37 -> 0 | ... BB14: =-'Input Sheet'!BG37 -> 0
B15: Project O&M costs | C15: =E15+NPV('Input Sheet'!$G$11,INDIRECT("F40:"&ADDRESS(40,4+'Input Sheet'!$G$12))) -> 0 | E15: =-'Input Sheet'!J71 -> 0 | F15: =-'Input Sheet'!K71 -> 0 | G15: =-'Input Sheet'!L71 -> 0 | H15: =-'Input Sheet'!M71 -> 0 | I15: =-'Input Sheet'!N71 -> 0 | J15: =-'Input Sheet'!O71 -> 0 | K15: =-'Input Sheet'!P71 -> 0 | L15: =-'Input Sheet'!Q71 -> 0 | ... BB15: =-'Input Sheet'!BG71 -> #VALUE!
B16: Total revenues | C16: =E16+NPV('Input Sheet'!$G$11,INDIRECT("F41:"&ADDRESS(41,4+'Input Sheet'!$G$12))) -> 0 | E16: =+'Input Sheet'!J109 -> 0 | F16: =+'Input Sheet'!K109 -> 0 | G16: =+'Input Sheet'!L109 -> 0 | H16: =+'Input Sheet'!M109 -> 0 | I16: =+'Input Sheet'!N109 -> 0 | J16: =+'Input Sheet'!O109 -> 0 | K16: =+'Input Sheet'!P109 -> 0 | L16: =+'Input Sheet'!Q109 -> 0 | ... BB16: =+'Input Sheet'!BG109
B17: Residual value of investment | C17: =E17+NPV('Input Sheet'!$G$11,INDIRECT("F42:"&ADDRESS(42,4+'Input Sheet'!$G$12))) -> 0 | E17: =IF(E9='Input Sheet'!$D$42,'Input Sheet'!$D$43,0) -> 0 | F17: =IF(F9='Input Sheet'!$D$42,'Input Sheet'!$D$43,0) -> 0 | G17: =IF(G9='Input Sheet'!$D$42,'Input Sheet'!$D$43,0) -> 0 | H17: =IF(H9='Input Sheet'!$D$42,'Input Sheet'!$D$43,0) -> 0 | I17: =IF(I9='Input Sheet'!$D$42,'Input Sheet'!$D$43,0) -> 0 | J17: =IF(J9='Input Sheet'!$D$42,'Input Sheet'!$D$43,0) -> 0 | K17: =IF(K9='Input Sheet'!$D$42,'Input Sheet'!$D$43,0) -> 0 | L17: =IF(L9='Input Sheet'!$D$42,'Input Sheet'!$D$43,0) -> 0 | ... BB17: =IF(BB9='Input Sheet'!$D$42,'Input Sheet'!$D$43,0) -> 0
B19: FNPV(C after all grants) | C19: =E19+NPV('Input Sheet'!$G$11,INDIRECT("F19:"&ADDRESS(19,4+'Input Sheet'!$G$12))) -> 0 | E19: =+SUM(E11:E17) -> 0 | F19: =+SUM(F11:F17) -> 0 | G19: =+SUM(G11:G17) -> 0 | H19: =+SUM(H11:H17) -> 0 | I19: =+SUM(I11:I17) -> 0 | J19: =+SUM(J11:J17) -> 0 | K19: =+SUM(K11:K17) -> 0 | L19: =+SUM(L11:L17) -> 0 | ... BB19: =+SUM(BB11:BB17) -> #VALUE!
B20: FRR(C after all grants) | C20: =IRR(INDIRECT("E19:"&ADDRESS(19,4+'Input Sheet'!$G$12))) -> #NUM!
B23: Return on private sector capital (equity) | C23: =CONCATENATE("NPV @ ",'Input Sheet'!G11*100,"%") -> NPV @ 10% | E23: =+'Input Sheet'!$G$13 -> 2024 | F23: =E23+1 -> 2025 | G23: =F23+1 -> 2026 | H23: =G23+1 -> 2027 | I23: =H23+1 -> 2028 | J23: =I23+1 -> 2029 | K23: =J23+1 -> 2030 | L23: =K23+1 -> 2031 | M23: =L23+1 -> 2032 | ... BB23: =BA23+1 -> 2073
B25: Private equity | C25: =E25+NPV('Input Sheet'!$G$11,INDIRECT("F50:"&ADDRESS(50,4+'Input Sheet'!$G$12))) -> 0 | E25: =-'Input Sheet'!J124 -> 0 | F25: =-'Input Sheet'!K124 -> 0 | G25: =-'Input Sheet'!L124 -> 0 | H25: =-'Input Sheet'!M124 -> 0 | I25: =-'Input Sheet'!N124 -> 0 | J25: =-'Input Sheet'!O124 -> 0 | K25: =-'Input Sheet'!P124 -> 0 | L25: =-'Input Sheet'!Q124 -> 0 | ... BB25: =-'Input Sheet'!BG124 -> 0
B26: Loan repayment (including interests) | C26: =E26+NPV('Input Sheet'!$G$11,INDIRECT("F51:"&ADDRESS(51,4+'Input Sheet'!$G$12))) -> 0 | E26: =-'Input Sheet'!J130 -> 0 | F26: =-'Input Sheet'!K130 -> 0 | G26: =-'Input Sheet'!L130 -> 0 | H26: =-'Input Sheet'!M130 -> 0 | I26: =-'Input Sheet'!N130 -> 0 | J26: =-'Input Sheet'!O130 -> 0 | K26: =-'Input Sheet'!P130 -> 0 | L26: =-'Input Sheet'!Q130 -> 0 | ... BB26: =-'Input Sheet'!BG130 -> 0
B27: Replacement cost | C27: =E27+NPV('Input Sheet'!$G$11,INDIRECT("F52:"&ADDRESS(52,4+'Input Sheet'!$G$12))) -> 0 | E27: =+E14 -> 0 | F27: =+F14 -> 0 | G27: =+G14 -> 0 | H27: =+H14 -> 0 | I27: =+I14 -> 0 | J27: =+J14 -> 0 | K27: =+K14 -> 0 | L27: =+L14 -> 0 | ... BB27: =+BB14 -> 0
B28: Project O&M costs | C28: =E28+NPV('Input Sheet'!$G$11,INDIRECT("F53:"&ADDRESS(53,4+'Input Sheet'!$G$12))) -> 0 | E28: =+E15 -> 0 | F28: =+F15 -> 0 | G28: =+G15 -> 0 | H28: =+H15 -> 0 | I28: =+I15 -> 0 | J28: =+J15 -> 0 | K28: =+K15 -> 0 | L28: =+L15 -> 0 | ... BB28: =+BB15 -> #VALUE!
B29: Total revenues | C29: =E29+NPV('Input Sheet'!$G$11,INDIRECT("F54:"&ADDRESS(54,4+'Input Sheet'!$G$12))) -> 0 | E29: =+E16 -> 0 | F29: =+F16 -> 0 | G29: =+G16 -> 0 | H29: =+H16 -> 0 | I29: =+I16 -> 0 | J29: =+J16 -> 0 | K29: =+K16 -> 0 | L29: =+L16 -> 0 | ... BB29: =+BB16
B30: Residual value of investment | C30: =E30+NPV('Input Sheet'!$G$11,INDIRECT("F55:"&ADDRESS(55,4+'Input Sheet'!$G$12))) -> 0 | E30: =+E17 -> 0 | F30: =+F17 -> 0 | G30: =+G17 -> 0 | H30: =+H17 -> 0 | I30: =+I17 -> 0 | J30: =+J17 -> 0 | K30: =+K17 -> 0 | L30: =+L17 -> 0 | ... BB30: =+BB17 -> 0
B32: FNPV(Kp) | C32: =E32+NPV('Input Sheet'!$G$11,INDIRECT("F32:"&ADDRESS(32,4+'Input Sheet'!$G$12))) -> 0 | E32: =+SUM(E25:E30) -> 0 | F32: =+SUM(F25:F30) -> 0 | G32: =+SUM(G25:G30) -> 0 | H32: =+SUM(H25:H30) -> 0 | I32: =+SUM(I25:I30) -> 0 | J32: =+SUM(J25:J30) -> 0 | K32: =+SUM(K25:K30) -> 0 | L32: =+SUM(L25:L30) -> 0 | ... BB32: =+SUM(BB25:BB30) -> #VALUE!
B33: FRR(Kp) | C33: =IRR(INDIRECT("E32:"&ADDRESS(32,4+'Input Sheet'!$G$12))) -> #NUM!

Sheet HIDDEN Funding Gap
C2: THIS SHEET IS HIDDEN TO APPLICANTS
C3: CEF DIGITAL CALL Funding Gap
C7: =IF('Financial Analysis'!C17<0,"Applicable","No funding gap") -> No funding gap
C10: =CONCATENATE("NPV @ ",'Input Sheet'!G11*100,"%") -> NPV @ 10%
B11: Discounted revenues | C11: =+'Financial Analysis'!C14 -> 0
B12: Discounted costs | C12: =-'Financial Analysis'!C13-'Financial Analysis'!C12 -> 0
B13: Discounted residual value | C13: =+'HIDDEN Financial Analysis'!C15 -> 0
B14: Discounted net revenues | C14: =+C11-C12+C13 -> 0 | F14: =+C17 -> #DIV/0! | G14: Funding Gap Rate
B15: Discounted investment cost | C15: =-'HIDDEN Financial Analysis'!C11 -> 0 | F15: =+'Input Sheet'!C117 -> 0 | G15: Max Co-funding Rate
B16: Funding Gap | C16: =+C15-C14 -> 0
B17: Funding Gap Rate | C17: =+C16/C15 -> #DIV/0! | F17: =MIN(C17,F15) -> #DIV/0! | G17: Modulated Co-funding Rate
